 Dungeon Crawl Stone Soup version 0.25-a0-289-g406d6369f5 (webtiles) character file.

Game seed: 12240426428785126835, levelgen mode: deterministic

28 MoonlitKnight the Gusty (level 2, -2/15 HPs)
             Began as a Deep Elf Air Elementalist on Dec 13, 2019.
             Slain by an adder (5 damage)
             ... on level 2 of the Dungeon.
             The game lasted 00:03:14 (1277 turns).

MoonlitKnight the Gusty (Deep Elf Air Elementalist) Turns: 1277, Time: 00:03:15

Health: -2/15      AC:  2    Str:  5    XL:     2   Next: 96%
Magic:  5/8        EV: 13    Int: 19    God:
Gold:   42         SH:  0    Dex: 15    Spells: 5/8 levels left

rFire    . . .     SeeInvis .   a - +0 dagger
rCold    . . .     Gourm    .   (no shield)
rNeg     . . .     Faith    .   i - +0 robe
rPois    .         Spirit   .   (no helmet)
rElec    .         Reflect  .   (no cloak)
rCorr    .         Harm     .   (no gloves)
MR       .....                  (no boots)
Stlth    ++........             (no amulet)
HPRegen  0.05/turn              (no ring)
MPRegen  0.11/turn              (no ring)

@: lethally poisoned (-2 -> -8), sluggish, very slightly contaminated, very slow
A: no striking features
a: no special abilities


You were on level 2 of the Dungeon.
You were not hungry.

You visited 1 branch of the dungeon, and saw 2 of its levels.

You collected 42 gold pieces.

Inventory:

Hand Weapons
 a - a +0 dagger (weapon)
Missiles
 d - 20 sling bullets
 g - 6 poisoned darts (quivered)
Armour
 i - a +0 robe (worn)
Scrolls
 b - a scroll of enchant weapon {unknown}
 e - a scroll of amnesia {unknown}
 f - 2 scrolls of remove curse {unknown}
 h - 2 scrolls of identify {unknown}
 k - a scroll of fog {unknown}
Comestibles
 c - 4 rations
 j - 3 chunks of flesh


   Skills:
 + Level 2.6 Dodging
 - Level 2.4 Stealth
 + Level 3.5 Spellcasting
 + Level 1.4 Conjurations
 + Level 3.7 Air Magic


You had 5 spell levels left.
You knew the following spells:

 Your Spells              Type           Power        Failure   Level  Hunger
a - Shock                 Conj/Air       ##..         4%          1    None
b - Swiftness             Chrm/Air       ##......     11%         2    ##.....

Your spell library contained the following spells:

 Spells                   Type           Power        Failure   Level  Hunger
 Static Discharge         Conj/Air       ##......     16%         3    ###....
 Airstrike                Air            ###.......   30%         4    ####...
 Lightning Bolt           Conj/Air       ##........   80%         5    ######.


Dungeon Overview and Level Annotations

Branches:
Dungeon (2/15)

Altars:


Message History

You feel sluggish. The adder bites you.
You are poisoned.
The adder poisons you!
You closely miss the adder.
The adder is moderately wounded.
You feel sick. The adder closely misses you. The adder bites you.
* * * LOW HITPOINT WARNING * * *
You miss the adder.
The adder is moderately wounded.
The adder barely misses you.
You hit the adder but do no damage.
The adder is moderately wounded.
* * * LOW HITPOINT WARNING * * *
You feel sick. The adder barely misses you.
Unknown command.
You hit the adder.
The adder is heavily wounded.
The adder bites you.
You die...

#..#.# #..#.#
##..#.###
......... #
#.#... ...
.####..#.# #.#
### .K.....#.#
..# #..
.......#.#
#.#.#
.....K...# #@#
######(### #S#
#<#########K#
#...รท..K....#
#############


You could see an adder and a kobold.

Vanquished Creatures
  An adder (D:2)
  A dart slug (D:1)
  A leopard gecko (D:1)
  A giant cockroach (D:1)
  2 goblins (D:1)
  3 hobgoblins
  3 kobolds (D:1)
  2 bats (D:1)
  2 rats (D:1)
16 creatures vanquished.

Notes
Turn   | Place    | Note
-------+----------+-------------------------------------------
     0 | D:1      | MoonlitKnight the Deep Elf Air Elementalist began the quest
                  | for the Orb.
     0 | D:1      | Reached XP level 1. HP: 10/10 MP: 6/6
   467 | D:1      | Reached XP level 2. HP: 9/15 MP: 1/8
   530 | D:1      | Learned a level 2 spell: Swiftness
  1277 | D:2      | Slain by an adder

Levels and vault maps discovered:
D:1:      scummos_arrival_simple_fountains, layout_loops_corners
D:2:      layout_loops_ring, lemuel_doored_altar,
          nicolae_gozag_zags_fifth_avenue, minmay_misc_feat_plants,
          kennysheep_nondescript, cheibrodos_gnoll_hut, uniq_terence

Action                   || total
-------------------------++-------
Melee: Dagger            ||    19
       Unarmed           ||     1
Throw: Dart              ||     3
 Cast: Shock             ||    27
       Swiftness         ||     1
 Stab: Sleeping          ||     1
  Eat: Chunk             ||     1
Armor: Robe              ||     8
Dodge: Dodged            ||    31

Table legend:
 A = Non-vault XP
 B = Vault XP
 C = Vault XP percentage of total XP
 D = Non-vault monster count
 E = Vault monster count
 F = Vault count percentage of total count
                 A         B        C        D         E       F
            +---------+---------+-------+---------+---------+-------
      Total |      40 |       0 |   0.0 |      16 |       0 |   0.0
            +---------+---------+-------+---------+---------+-------
        D:1 |      25 |       0 |   0.0 |      14 |       0 |   0.0
        D:2 |      15 |       0 |   0.0 |       2 |       0 |   0.0
            +---------+---------+-------+---------+---------+-------
